 Dungeon Crawl Stone Soup version 0.30-a0-743-gbfdf073431 (webtiles) character file.

Game seed: 15969660359712435125

84 LennaLeFay the Magician (level 4, -3/46 HPs)
             Began as a Djinni Fire Elementalist on Feb 6, 2023.
             Slain by Sigmund
             ... wielding a +1 scythe of protection
              (7 damage)
             ... on level 2 of the Dungeon.
             The game lasted 00:10:36 (1673 turns).

LennaLeFay the Magician (Djinni Fire Elementalist)  Turns: 1673, Time: 00:10:36

Health: -3/46      AC: 26    Str:  7    XL:     4   Next: 72%
Gold:   106        EV:  2    Int: 18    God:
                   SH:  0    Dex: 14

rFire   . . .      SeeInvis .    k - +0 dagger
rCold   . . .      Faith    .    (no shield)
rNeg    . . .      Spirit   .    (body armour currently unavailable)
rPois   ∞          Reflect  .    (helmet currently unavailable)
rElec   .          Harm     .    (cloak currently unavailable)
rCorr   .          Rampage  .    (gloves currently unavailable)
Will    .....      NoTele   +    (boots unavailable)
Stlth   ++                       (no amulet)
HPRegen 0.27/turn                d - +4 ring of protection
MPRegen 0.00/turn                (no ring)

@: tree-form, hasted, very quick
A: stationary, stasis, torment immunity, boosted hp, sickness immunity, (fire
resistance 2), (cold vulnerability 1), float, innate caster, HP casting, extra
vitality 1
a: no special abilities


You were on level 2 of the Dungeon.
You were a tree.
You visited 1 branch of the dungeon, and saw 2 of its levels.

You collected 106 gold pieces.

Inventory:

Hand Weapons
 k - a +0 dagger (weapon)
Armour
 a - a +0 robe (melded)
 e - a +0 cloak (melded)
Jewellery
 d - a +4 ring of protection (left branch)
Wands
 l - a wand of digging (1)
Scrolls
 f - a scroll of identify
Potions
 b - a potion of magic
 i - 2 potions of lignification
 j - a potion of flight


   Skills:
 + Level 3.0 Dodging
 + Level 2.1 Stealth
 + Level 3.5 Spellcasting


You couldn't memorise any spells.
You knew the following spells:

 Your Spells              Type           Power      Damage    Failure   Level
a - Foxfire               Conj/Fire      60%        2x1d7     3%          1
b - Scorch                Fire           30%        2d7       5%          2
c - Kindle Blastsparks    Fire/Tloc/Air  30%        2d12      11%         3
d - Inner Flame           Hex/Fire       15%        N/A       11%         3
e - Flame Wave            Conj/Fire      15%        2d7       36%         4
f - Summon Small Mammal   Summ           60%        N/A       3%          1
Your spell library was empty.

Dungeon Overview and Level Annotations

Branches:
Dungeon (2/15)

Altars:
Ru

Annotations:
D:2 Sigmund


Innate Abilities, Weirdness & Mutations

You are a tree.
Your roots penetrate the ground, keeping you stationary.
You cannot be teleported.
You are immune to unholy pain and torment.
Your maximum health is greatly increased.
Your equipment is partially melded.
You are immune to sickness and miasma.
You are immune to poison.
((Your flesh is very heat resistant. (rF++)))
((You are vulnerable to cold. (rC-)))
You float through the air rather than walking.
You learn spells naturally, not from books.
Your magical power is your life essence.
You have superior vitality. (+4 MHP)


Message History

Flames lash something.
* * * LOW HITPOINT WARNING * * *
Casting: Scorch (safe; 5% risk of failure)
Confirm with . or Enter, or press ? or * to list all spells.
Flames lash something.
* * * LOW HITPOINT WARNING * * *
Something hits you but does no damage.
It was a potion of flight.
Your roots keep you in place.
Casting: Scorch (safe; 5% risk of failure)
Confirm with . or Enter, or press ? or * to list all spells.
You don't have enough health to cast this spell.
You cannot move.
There is a strange disturbance nearby!
There is a strange disturbance nearby!
There is a strange disturbance nearby!
There is a strange disturbance nearby!
You are too injured to fight recklessly!
You are too injured to fight recklessly!
You are too injured to fight recklessly!
You cannot move.
You cannot move.
You cannot move.
You cannot move.
Sorry, you're not good enough to have a special ability.
There is a strange disturbance nearby!
There is a strange disturbance nearby!
You miss something. Something hits you but does no damage.
You closely miss something. You closely miss something.
You hit something but do no damage. Something hits you but does no damage.
You hit something but do no damage. You hit something but do no damage.
Something hits you but does no damage.
You hit something but do no damage. You hit something but do no damage.
Something hits you but does no damage.
You miss something. You hit something. You barely miss something.
Something hits you but does no damage.
You closely miss something. You closely miss something. Something hits you!
You die...

#........# #########...
#........# #...........
#........# #...........
#........# #..{........
#........#####...........
#.......†..##............
#....)...#....########...
#........##.....# #####..
#.....?.♣{†.###.###......
#####...##### #.##..#####
#..## #.......... #..#
##..#.##### #...
#.......... #...
#.......... #...
............. ..._.
............( #..
........#..).


There were no monsters in sight!

Vanquished Creatures
  Robin (D:2)
  2 adders (D:2)
  A dart slug (D:1)
  A ball python (D:1)
  4 endoplasms (D:1)
  2 giant cockroaches
  11 goblins
  5 hobgoblins (D:2)
  7 jackals
  A quokka (D:2)
  7 bats
  3 frilled lizards (D:1)
  A kobold (D:2)
46 creatures vanquished.

Vanquished Creatures (others)
  86 foxfires
86 creatures vanquished.

Grand Total: 132 creatures vanquished

Notes
Turn   | Place    | Note
-------+----------+-------------------------------------------
     0 | D:1      | LennaLeFay the Djinni Fire Elementalist began the quest for
                  | the Orb.
     0 | D:1      | LennaLeFay set off with the following spells memorised:
                  | Foxfire, Scorch, Kindle Blastsparks, Inner Flame, Flame
                  | Wave.
     0 | D:1      | Reached XP level 1. HP: 15/15 MP: 0/0
   155 | D:1      | Reached XP level 2. HP: 21/21 MP: 0/0
   419 | D:1      | Reached XP level 3. HP: 23/25 MP: 0/0
   419 | D:1      | Learned a level 1 spell: Summon Small Mammal
  1179 | D:2      | Noticed Robin
  1442 | D:2      | Reached XP level 4. HP: 30/31 MP: 0/0
  1529 | D:2      | Killed Robin
  1602 | D:2      | Noticed Sigmund
  1637 | D:2      | Found a sacrificial altar of Ru.
  1673 | D:2      | Slain by Sigmund

Illustrated notes

Levels and vault maps discovered:
D:1:      spicycebolla_arrival_risky_transporter, layout_basic, st_stairs_7
D:2:      layout_rooms, basic_altar, uniq_sigmund, uniq_robin

Skill      XL: |  1  2  3  4 |
---------------+-------------+-----
Spellcasting   | 3 |  3.5
Stealth        | 2 |  2.1
Dodging        | 3 |  3.0

Action                     |  1- 3 |  4- 6 || total
---------------------------+-------+-------++-------
  Melee: Dagger            |     5 |    24 ||    29
         Club              |     3 |       ||     3
         Whip              |     3 |       ||     3
   Cast: Foxfire           |    50 |    20 ||    70
         Scorch            |     4 |     5 ||     9
         Summon Small Mamm |     1 |     1 ||     2
         Kindle Blastspark |     1 |       ||     1
    Use: Scroll            |     3 |       ||     3
         Potion            |     1 |     5 ||     6
 Armour: Robe              |    28 |     4 ||    32
         Skin              |       |     7 ||     7
  Dodge: Dodged            |    41 |    13 ||    54

Table legend: (Time is in decaauts)
 A = Elapsed time spent in this place.
 B = Non-inter-level travel time spent in this place.
 C = Inter-level travel time spent in this place.
 D = Time resting spent in this place.
 E = Time spent auto-exploring this place.
 F = Levels seen in this place.
 G = Mean time per level.
                   A        B        C        D        E       F      G
               +--------+--------+--------+--------+--------+-----+--------+
         Total |   1667 |   1553 |    114 |      0 |    903 |   2 |  833.5 |
       Dungeon |   1667 |   1553 |    114 |      0 |    903 |   2 |  833.5 |
               +--------+--------+--------+--------+--------+-----+--------+

Top non-repeatable levels by time:
     D:1: 1167 daAuts
     D:2: 499 daAuts
